 Dungeon Crawl Stone Soup version 0.26.1-2-gb8aa6d0cf2 (webtiles) character file.

Game seed: 471869540453254227

2988 Marvel the Grappler (level 9, -8/84 HPs)
             Began as a Troll Berserker on Feb 13, 2021.
             Was a High Priest of Trog.
             Killed from afar by an electric eel (13 damage)
             ... with a bolt of electricity
             ... on level 7 of the Dungeon.
             The game lasted 00:14:58 (5805 turns).

Marvel the Grappler (Troll Berserker)               Turns: 5805, Time: 00:14:59

Health: -8/84      AC:  7    Str: 30    XL:     9   Next: 53%
Magic:  8/8        EV: 11    Int:  3    God:    Trog [*****.]
Gold:   327        SH:  0    Dex:  9    Spells: 8/8 levels left

rFire    + + .     SeeInvis .     - Unarmed
rCold    . . .     Faith    +   (no shield)
rNeg     . . .     Spirit   .   s - +0 robe
rPois    .         Reflect  .   (helmet restricted)
rElec    .         Harm     .   B - +0 cloak
rCorr    .         Rampage  .   (gloves unavailable)
Will     .....                  (boots unavailable)
Stlth    ++........             r - amulet of faith
HPRegen  0.64/turn              H - ring of protection from fire
MPRegen  0.11/turn              n - ring of protection from fire

@: no status effects
A: large, unfitting armour, claws 3, regeneration 1, shaggy fur 1, tough skin 3
a: Renounce Religion, Berserk, Trog's Hand, Brothers in Arms


You were on level 7 of the Dungeon.
You worshipped Trog.
Trog was extremely pleased with you.
You visited 1 branch of the dungeon, and saw 7 of its levels.
You also visited: Sewer.

You collected 327 gold pieces.

Inventory:

Hand Weapons
 g - a +0 dagger of flaming
 l - the +6 trident of Ento {vorpal, Dex+3}
   (You found it on level 6 of the Dungeon)

   It inflicts extra damage upon your enemies.
   It affects your dexterity (+3).
 N - a +3 antimagic scimitar
Missiles
 L - 8 silver javelins
 P - 7 poisoned darts (quivered)
Armour
 a - a +0 animal skin
 s - a +0 robe (worn)
 B - a +0 cloak (worn)
Jewellery
 k - a +6 ring of dexterity
 n - a ring of protection from fire (right claw)
 q - an uncursed amulet of magic regeneration
 r - an amulet of faith (around neck)
 H - a ring of protection from fire (left claw)
 O - a +6 ring of intelligence
Wands
 A - a wand of acid (10)
 D - a wand of polymorph (9)
 F - a wand of disintegration (5)
Scrolls
 b - 2 scrolls of fog {unknown}
 c - 8 scrolls of identify {unknown}
 e - 2 scrolls of magic mapping {unknown}
 f - 2 scrolls of teleportation {unknown}
 i - 3 scrolls of blinking
 m - a scroll of remove curse
 o - 2 scrolls of enchant armour {unknown}
 v - 2 scrolls of random uselessness {unknown}
 w - a scroll of immolation {unknown}
 y - 2 scrolls of fear {unknown}
 z - 2 scrolls of noise {unknown}
 M - a scroll of brand weapon {unknown}
Potions
 d - 2 potions of resistance {unknown}
 h - 2 potions of mutation {unknown}
 j - 2 potions of haste {unknown}
 p - a potion of attraction {unknown}
 t - 3 potions of curing {unknown}
 u - a potion of might {unknown}
 x - a potion of cancellation {unknown}
 C - 3 potions of lignification {unknown}
 E - a potion of degeneration {unknown}
 G - a potion of ambrosia {unknown}
 I - 3 potions of flight {unknown}
 J - 2 potions of heal wounds {unknown}
 K - 2 potions of berserk rage {unknown}


   Skills:
 + Level 3.9 Fighting
 + Level 0.4 Throwing
 + Level 5.2 Dodging
 + Level 2.7 Stealth
 + Level 10.8 Unarmed Combat


You had 8 spell levels left.
You didn't know any spells.
Your spell library was empty.

Dungeon Overview and Level Annotations

Branches:
Dungeon (7/15)             Temple (0/1) D:6           Sewer (visited)

Altars:
Dithmenos
Fedhas
Hepliaklqana
Makhleb
Trog
Wu Jian
Yredelemnul


Innate Abilities, Weirdness & Mutations

You are too large for most types of armour.
You have claws for hands.
Your natural rate of healing is unusually fast.
You are covered in fur. (AC +1)
You have extremely tough skin. (AC +3)


Message History

The bolt of electricity hits you!
You completely miss the electric eel. Your claw misses the electric eel.
The electric eel shoots out a bolt of lightning at you!
The bolt of electricity hits you!
You closely miss the electric eel.
The electric eel shoots out a bolt of lightning at you!
The bolt of electricity hits you!
The electric eel shoots out a bolt of lightning at you!
The bolt of electricity hits you!
* * * LOW HITPOINT WARNING * * *
The electric eel shoots out a bolt of lightning at you!
The bolt of electricity hits you!
* * * LOW HITPOINT WARNING * * *
The electric eel shoots out a bolt of lightning at you!
The bolt of electricity hits you.
* * * LOW HITPOINT WARNING * * *
The electric eel shoots out a bolt of lightning at you!
The bolt of electricity hits the electric eel.
The electric eel completely resists.
The bolt of electricity hits you!
You die...

≈≈.≈≈≈≈≈♣♣♣..#
♣≈≈.≈≈≈≈≈≈≈♣♣.#
♣≈≈.≈≈≈≈≈≈≈♣♣.# #
♣♣≈≈.≈≈≈≈≈≈≈≈≈.## ##
≈♣♣♣≈≈≈.≈≈≈;≈≈≈≈...##
≈♣♣≈≈P≈≈≈≈.≈≈≈≈≈≈♣.....##
≈≈≈≈P≈≈≈≈≈.≈≈≈≈;♣....<..#
≈≈≈≈≈≈P≈≈†.≈≈≈P≈........#
............≈≈♣.@.......#
≈≈≈≈≈P≈≈≈≈(.≈♣..........#
♣♣♣≈≈≈≈♣♣...............#
≈♣≈≈♣♣♣♣................#
.#................##
...............#......##
..........#######..####
........#..........#
.#......#.......##.###


You could see 2 electric eels.

Vanquished Creatures
  Prince Ribbit (D:6)
  An ice beast (D:7)
  A black bear (D:7)
  A sky beast (D:7)
  A necrophage (D:3)
  The ghost of cada the Insei, an amateur DgTm (D:3)
  A big kobold (Sewer)
  7 bullfrogs
  4 killer bees (D:7)
  3 scorpions (D:5)
  2 howler monkeys
  3 electric eels (D:7)
  2 bullfrog zombies
  7 hounds
  A jelly (D:7)
  A bullfrog skeleton (D:6)
  3 orc priests
  3 iguanas
  10 orc wizards
  10 worker ants
  A hound skeleton (D:4)
  A howler monkey zombie (D:5)
  4 gnolls
  7 adders
  5 river rats
  An ufetubus (D:5)
  3 oozes
  2 adder skeletons (D:5)
  4 worms
  2 dart slugs
  6 leopard geckos
  19 orcs
  A ball python (D:1)
  4 giant cockroaches
  2 gnoll zombies (D:4)
  3 goblins
  8 hobgoblins
  18 jackals
  8 kobolds
  6 quokkas
  2 frilled lizards
  A quokka zombie (D:5)
  10 rats
181 creatures vanquished.

Vanquished Creatures (others)
  A worm (D:5)
  An orc (D:7)
  22 plants (D:7)
24 creatures vanquished.

Grand Total: 205 creatures vanquished

Notes
Turn   | Place    | Note
-------+----------+-------------------------------------------
     0 | D:1      | Marvel the Troll Berserker began the quest for the Orb.
     0 | D:1      | Reached XP level 1. HP: 22/22 MP: 0/0
    47 | D:1      | Reached XP level 2. HP: 27/29 MP: 1/1
   233 | D:1      | Reached XP level 3. HP: 36/36 MP: 2/2
  1116 | D:2      | Reached ** piety under Trog
  1142 | D:2      | Found a blossoming altar of Fedhas.
  1634 | D:3      | Noticed a necrophage
  1641 | D:3      | Killed a necrophage
  1642 | D:3      | Reached skill level 4 in Unarmed Combat
  1642 | D:3      | Reached XP level 4. HP: 43/45 MP: 3/3
  1664 | D:3      | Reached XP level 5. HP: 45/53 MP: 4/4
  1770 | D:3      | Reached skill level 5 in Unarmed Combat
  1929 | D:3      | Noticed cada's ghost (amateur DgTm)
  1936 | D:3      | Found a runed translucent gate.
  1936 | D:3      | Found a runed translucent gate.
  1936 | D:3      | Found a runed translucent gate.
  2520 | D:3      | Reached XP level 6. HP: 61/61 MP: 5/5
  2524 | D:3      | Killed cada's ghost
  2621 | D:4      | Reached skill level 6 in Unarmed Combat
  2624 | D:4      | Reached skill level 1 in Stealth
  2624 | D:4      | Reached *** piety under Trog
  2636 | D:4      | Reached XP level 7. HP: 62/67 MP: 6/6
  2866 | D:4      | Reached skill level 7 in Unarmed Combat
  3181 | D:4      | Found a basalt altar of Yredelemnul.
  3261 | D:5      | Entered Level 5 of the Dungeon
  3415 | D:5      | Reached **** piety under Trog
  3691 | D:5      | Reached XP level 8. HP: 75/75 MP: 7/7
  3819 | D:5      | Reached skill level 8 in Unarmed Combat
  4194 | D:6      | Noticed Prince Ribbit
  4209 | D:6      | Killed Prince Ribbit
  4222 | D:6      | Found a bloodstained altar of Trog.
  4285 | D:6      | Got a steaming trident
  4286 | D:6      | Identified the +6 trident of Ento {vorpal, Dex+3} (You
                  | found it on level 6 of the Dungeon)
  4337 | D:6      | Found a staircase to the Ecumenical Temple.
  4441 | D:6      | Reached skill level 9 in Unarmed Combat
  4460 | D:6      | Found a glowing drain.
  4565 | D:6      | Reached ***** piety under Trog
  4582 | Sewer    | Entered a sewer
  4756 | Sewer    | Found a white marble altar of Elyvilon.
  4869 | D:6      | Found a hazy altar of Hepliaklqana.
  5004 | D:7      | Reached XP level 9. HP: 61/84 MP: 8/8
  5229 | D:7      | Found an ornate altar of the Wu Jian Council.
  5239 | D:7      | Found a shadowy altar of Dithmenos.
  5322 | D:7      | Found a burning altar of Makhleb.
  5377 | D:7      | Reached skill level 10 in Unarmed Combat
  5378 | D:7      | Received a gift from Trog
  5390 | D:7      | Reached skill level 5 in Dodging
  5805 | D:7      | Killed from afar by an electric eel

Illustrated notes

Levels and vault maps discovered:
D:1:      dpeg_arrival_shelter, layout_basic
D:2:      layout_basic, fedhas_altar_2
D:3:      layout_loops_ring, gammafunk_ghost_split, cheibrodos_gnoll_hut
D:4:      layout_basic, lemuel_zombie_altar_yredelemnul
D:5:      minmay_angry_zag, layout_loops_ring, lemuel_old_faithful
D:6:      layout_basic, overflow_temple_1_default, nzn_hepliaklqana_mist_gate,
          minmay_temple_entry_statues_fountains, portal_sewer_entry_c,
          uniq_prince_ribbit1
D:7:      layout_rooms, nicolae_overflow_hidden_temple, lemuel_round_altar,
          pdpol_wu_jian_five_deadly_venoms, serial_bayou, serial_bayou_pond_b,
          serial_bayou_lagoon_b, serial_bayou_pond_d, serial_bayou_lagoon_a,
          serial_bayou_pond_a

Skill      XL: |  1  2  3  4  5  6  7  8  9 |
---------------+----------------------------+-----
Fighting       | 3 |  3.9
Dodging        | 3 4 5 |  5.2
Unarmed Combat | 4 5 6 7 9 10 | 10.8
Stealth        | 1 2 |  2.7
Throwing       | |  0.4

Action                   |  1- 3 |  4- 6 |  7- 9 || total
-------------------------+-------+-------+-------++-------
Melee: Unarmed           |    85 |    90 |   289 ||   464
       Punch             |       |     4 |    15 ||    19
Throw: Boomerang         |       |       |     3 ||     3
Invok: Berserk           |       |     1 |       ||     1
  Use: Scroll            |       |     3 |       ||     3
 Stab: Sleeping          |       |     2 |     5 ||     7
Armor: Animal skin       |    32 |       |       ||    32
       Robe              |       |    34 |    71 ||   105
Dodge: Dodged            |    47 |    47 |   135 ||   229
